Unix NetHack Version 3.7.0-94 Work-in-progress - last build Dec 18 2023 00:11:04 (7e3deff068b9ef4f2ebb9a71ea0f5c4a3b578a14,branch:master). Game began 2023-12-31 12:07:49, ended 2023-12-31 12:43:47. elenmirie, lawful female human Knight ------ |.....## ------- |....| ---------- |.....| |....| |.........# |......######### |....| |.......[|### |.....| # -.-.-- |.....{..| # -.--|-- #### # # |........| # # # #### ----- # ### -------|-- # # # # |...| # # # ##### # #### # |...| # ##### u## ## ###### #----...| #### #### #a@ ## ----.----.--- #-......| ---.---- #-.---.----- #### |...........| |......| |.{....| |.........| # |...........| |>.....| |......| ..........| ##............| |...---- |....... |.........| |...........| |...| |...<.|| |.........| ............| |...| -------- ----------- ------------- ----- Elenmirie the Esquire St:16 Dx:9 Co:13 In:7 Wi:16 Ch:18 Lawful Dlvl:5 $:462 HP:0(44) Pw:38(38) AC:2 Xp:5/288 T:3911 Burdened Latest messages: (For instructions type a '?') The orc zombie hits! You destroy the orc zombie! Where do you want to travel to? (For instructions type a '?') The hill orc hits! You hit the hill orc! The hill orc hits! You kill the hill orc! You see here 2 apples. You learn more about your items by comparing them. You have a little trouble lifting g - 2 uncursed apples (12 in total). Talk to whom? (in what direction) k Arod whickers. What do you want to throw? [$b or ?*] g In what direction? k Arod catches the apple. Arod eats an uncursed apple. What do you want to throw? [$b or ?*] g In what direction? k Arod catches the apple. Arod eats an uncursed apple. You swap places with Arod. The fire ant bites! The fire ant bites again! You avoid harm. The fire ant bites! The fire ant misses! You miss the fire ant. The fire ant bites! The fire ant bites again! You're on fire! Both of your potions called 152 eff boil and explode! Your potion called 100 sb boils and explodes! You feel rather tired. Your cyan potion boils and explodes! Something seems to be holding you. Your brilliant blue potion boils and explodes! It suddenly gets dark. Your potion of oil feels warm. Your candles feel warm. You hear some noises. You can see again. The fire ant bites! You die... Do you want your possessions identified? [ynq] (y) y Do you want to see your attributes? [ynq] (y) y Do you want an account of creatures vanquished? [ynaq] (y) y Do you want to see your conduct and achievements? [ynq] (y) y Do you want to see the dungeon overview? [ynq] (y) y Inventory: Coins $ - 462 gold pieces Weapons a - the blessed rustproof +1 Excalibur (weapon in right hand) b - a blessed +1 lance (alternate weapon; not wielded) Armor d - an uncursed +0 helmet (being worn) f - an uncursed +0 pair of leather gloves (being worn) e - an uncursed +0 small shield (being worn) t - an uncursed +0 cloak of magic resistance (being worn) U - an uncursed +0 mummy wrapping c - an uncursed +1 ring mail (being worn) Comestibles g - 10 uncursed apples h - 13 uncursed carrots j - 4 uncursed food rations i - an uncursed fortune cookie T - an uncursed tripe ration Scrolls Q - a cursed scroll of amnesia R - an uncursed scroll of enchant weapon F - a cursed scroll of enchant weapon I - a cursed scroll of identify H - a cursed scroll of light P - a cursed scroll of magic mapping r - an uncursed scroll of teleportation G - a cursed scroll of teleportation Spellbooks Z - an uncursed spellbook of slow monster Potions v - a cursed potion of extra healing u - a cursed potion of gain energy k - an uncursed potion of gain level C - an uncursed potion of oil (lit) p - a blessed potion of restore ability l - a blessed potion of sleeping Rings A - a cursed +4 ring of gain strength z - a cursed ring of polymorph control y - a cursed +3 ring of protection W - a cursed ring of protection from shape changers Wands B - a cursed wand of cancellation (0:5) Tools n - a cursed leather drum E - a cursed magic marker (0:22) V - 7 uncursed partly used wax candles (lit) Elenmirie the Knight's attributes: Background: You were an Esquire, a level 5 female human Knight. You were lawful, nominally on a mission for Lugh who was opposed by Brigit (neutral) and Manannan Mac Lir (chaotic). You were right-handed. You were in the Dungeons of Doom, on level 5. You entered the dungeon 3911 turns ago. You had 288 experience points, 32 more were needed to attain level 6. Basics: You had 0 out of 44 hit points. You had all 38 energy points (spell power). Your armor class was 2. Your wallet contained 462 zorkmids. Autopickup was on for '$' plus thrown. Final Characteristics: Your strength was 16 (limit:18/100). Your dexterity was 9 (limit:18). Your constitution was 13 (limit:18). Your intelligence was 7 (limit:18). Your wisdom was 16 (limit:18). Your charisma was 18 (limit:18). Final Status: You weren't hungry. You were burdened; movement was slightly slowed. You were wielding a long sword. You were skilled in long sword. Final Attributes: You were piously aligned. You were magic-protected. You were level-drain resistant. You were telepathic. You had automatic searching. You could jump. You were warded. You are dead. Miscellaneous: You encountered 1 bones level. Total elapsed playing time was 35 minutes and 51 seconds. Major events: Turn 1: elenmirie the lawful female human Knight entered the dungeon 620: entered the Gnomish Mines 736: attained the rank of Esquire (level 3) 1596: destroyed playerb's ghost, the former Evoker 3431: received Excalibur from a strange woman laying about in a pond 3911: killed by a fire ant, while frozen by a potion Vanquished creatures: a ghost a dog a rock piercer a kobold mummy 2 giant ants a floating eye 5 hill orcs a centipede 2 giant bats 2 monkeys an orc zombie 2 dwarf zombies a wererat 4 iguanas a large kobold 2 giant rats 3 cave spiders a green mold 2 red molds 3 gnomes 6 geckos 8 jackals a fox 3 goblins 2 sewer rats 3 grid bugs 2 lichens 2 kobold zombies 6 newts 70 creatures vanquished. No species were genocided or became extinct. Voluntary challenges: You were an atheist. You read items or engraved 1 time. You never engraved Elbereth. You never genocided any monsters. You never polymorphed an object. You never changed form. You used no wishes. Achievements: You entered the Gnomish Mines. You attained the rank of Esquire. You entered a shop. The Dungeons of Doom: levels 1 to 7 Level 1: Level 2: A fountain. Stairs down to The Gnomish Mines. Level 3: A general store, a fountain. Level 4: Final resting place for playerb-Wiz-Orc-Mal-Cha, killed by an arrow. Level 5: <- You were here. Some fountains, a grave. Final resting place for you, killed by a fire ant, while frozen by a potion. Level 6: A fountain, a sink. Level 7: A fountain. Oracle of Delphi. The Gnomish Mines: Level 3: Game over: ---------- / \ / REST \ / IN \ / PEACE \ / \ | elenmirie | | 462 Au | | killed by a fire | | ant | | | | | | 2023 | *| * * * | * _________)/\\_//(\/(/\)/\//\/|_)_______ Fare thee well elenmirie the Knight... You died in The Dungeons of Doom on dungeon level 5 with 1878 points, and 462 pieces of gold, after 3911 moves. You were level 5 with a maximum of 44 hit points when you died.